 Dungeon Crawl Stone Soup version 0.27.1-1-g398f81649c (webtiles) character file.

Game seed: 6698418934423414184

109 Thatpatchoflichen the Chucker (level 4, -2/48 HPs)
             Began as an Ogre Hunter on Sept 10, 2021.
             Slain by an orc wizard (3 damage)
             ... on level 3 of the Dungeon.
             The game lasted 00:05:59 (4073 turns).

Thatpatchoflichen the Chucker (Ogre Hunter)         Turns: 4073, Time: 00:06:00

Health: -2/48      AC:  3    Str: 16    XL:     4   Next: 89%
Magic:  4/4        EV: 10    Int: 12    God:
Gold:   121        SH:  0    Dex: 10    Spells: 3/3 levels left

rFire    . . .     SeeInvis .   a - +0 short sword
rCold    . . .     Faith    .   (no shield)
rNeg     . . .     Spirit   .   b - +0 robe
rPois    .         Reflect  .   (helmet restricted)
rElec    .         Harm     .   (no cloak)
rCorr    .         Rampage  .   (gloves unavailable)
Will     .....                  (boots unavailable)
Stlth    +.........             (no amulet)
HPRegen  0.16/turn              (no ring)
MPRegen  0.09/turn              (no ring)

@: no status effects
A: large, unfitting armour, tough skin 1
a: no special abilities


You were on level 3 of the Dungeon.
You visited 1 branch of the dungeon, and saw 3 of its levels.

You collected 121 gold pieces.

Inventory:

Hand Weapons
 a - a +0 short sword (weapon)
Missiles
 c - 3 large rocks (quivered)
 d - a throwing net
 e - 110 stones
Armour
 b - a +0 robe (worn)
Wands
 l - a wand of paralysis (8)
 p - a wand of polymorph (5)
Scrolls
 g - 9 scrolls of identify {unknown}
 i - a scroll of fog {unknown}
 k - a scroll of brand weapon {unknown}
 m - a scroll of blinking {unknown}
 n - a scroll of enchant weapon {unknown}
 o - a scroll of teleportation {unknown}
Potions
 f - 2 potions of curing
 h - a potion of heal wounds {unknown}
 j - 2 potions of flight {unknown}


   Skills:
 + Level 4.0 Fighting
 + Level 4.4 Throwing
 * Level 3.4 Dodging
 - Level 0.6 Stealth


You had 3 spell levels left.
You didn't know any spells.
Your spell library was empty.

Dungeon Overview and Level Annotations

Branches:
Dungeon (3/15)

Altars:


Innate Abilities, Weirdness & Mutations

You are too large for most types of armour.
You have tough skin. (AC +1)


Message History

The orc misses you. The orc hits you with a +0 dagger.
You're too confused to move!
The orc hits you but does no damage. x2
You feel less confused. The orc hits you with a +0 club. Something hits you.
You hit something but do no damage. The orc closely misses you.
Something hits you. The orc hits you with a +0 dagger.
The orc hits you with a +0 club.
You hit the orc.
The orc is almost dead.
The orc hits you with a +0 dagger. Something hits you but does no damage.
The orc closely misses you. The orc barely misses you.
Something hits you but does no damage.
You hit the orc.
You kill the orc!
The orc barely misses you.
You hear some strange, mumbled words.
A magic dart appears from out of thin air!
The magic dart hits you! The orc barely misses you.
Something hits you but does no damage.
You see here a +0 dagger.
You barely miss the orc. The orc hits you with a +0 club. Something hits you.
* * * LOW HITPOINT WARNING * * *
You closely miss the orc. The orc barely misses you. Something hits you.
* * * LOW HITPOINT WARNING * * *
You hit the orc.
The orc is lightly wounded.
The orc hits you with a +0 club.
* * * LOW HITPOINT WARNING * * *
You hear some strange, mumbled words.
A magic dart appears from out of thin air!
The magic dart hits you!
* * * LOW HITPOINT WARNING * * *
Throw: 4 large rocks
Press: ? - help, Q - select action, (/) - cycle Shift-Dir - straight line You throw a large rock.
The orc hits you with a +0 club.
* * * LOW HITPOINT WARNING * * *
Something hits you.
You die...

#### # #... # ....
...######### #.......(. #.
#.......###. ###. #...........
...############.{...$..
...##........#@o......
#..#........#....###.
#..#..♣.....#.#+##
#..'........'.#
#..'...)....'.#
#..#.....♣..#...#
#..#........#####
#..#........#
#.############################


You could see an orc.

Vanquished Creatures
  Terence (D:2)
  3 adders
  3 dart slugs
  An orc (D:3)
  7 bats
  2 endoplasms
  3 giant cockroaches
  6 goblins
  4 hobgoblins
  2 jackals (D:1)
  2 kobolds
  5 quokkas
  2 ball pythons (D:1)
  A frilled lizard (D:2)
  4 rats
46 creatures vanquished.

Notes
Turn   | Place    | Note
-------+----------+-------------------------------------------
     0 | D:1      | Thatpatchoflichen the Ogre Hunter began the quest for the
                  | Orb.
     0 | D:1      | Reached XP level 1. HP: 22/22 MP: 1/1
   290 | D:1      | Reached XP level 2. HP: 27/31 MP: 2/2
   998 | D:1      | Reached XP level 3. HP: 35/37 MP: 3/3
  1019 | D:1      | Found a faded altar of an unknown god.
  2065 | D:2      | Noticed Terence
  2091 | D:2      | Killed Terence
  2092 | D:2      | Reached XP level 4. HP: 5/48 MP: 4/4
  3006 | D:3      | HP: 2/48 [hobgoblin (2)]
  4073 | D:3      | HP: 1/48 [orc (2)]
  4073 | D:3      | Slain by an orc wizard

Illustrated notes

Levels and vault maps discovered:
D:1:      minmay_arrival_loop, layout_basic, shapermc_ecumenical_altar_pompeii
D:2:      layout_basic, uniq_terence
D:3:      minmay_door_path, layout_basic, kennysheep_generic_room_7

Skill      XL: |  1  2  3  4 |
---------------+-------------+-----
Dodging        | 2 3 |  3.4
Fighting       | 3 4 |  4.0
Throwing       | |  4.4
Stealth        | |  0.6

Action                   |  1- 3 |  4- 6 || total
-------------------------+-------+-------++-------
Melee: Short sword       |   143 |    89 ||   232
Throw: Large rock        |     7 |     7 ||    14
       Throwing net      |     2 |       ||     2
  Use: Potion            |       |     1 ||     1
 Stab: Held in net/web   |     1 |       ||     1
       Sleeping          |       |     2 ||     2
Armor: Robe              |    46 |    49 ||    95
Dodge: Dodged            |    97 |    72 ||   169
